 Dungeon Crawl Stone Soup version 0.29.1-13-g9f3cf754e1 (webtiles) character file.

Game seed: 10741740424892713820

118 H0rd4k the Charlatan (level 5, -1/35 HPs)
             Began as an Octopode Artificer on Jan 25, 2023.
             Slain by an ogre
             ... wielding a +0 giant spiked club
              (36 damage)
             ... on level 4 of the Dungeon.
             The game lasted 00:02:24 (4541 turns).

H0rd4k the Charlatan (Octopode Artificer)           Turns: 4541, Time: 00:02:25

Health: -1/35      AC:  1    Str: 11    XL:     5   Next: 2%
Magic:  8/8        EV: 13    Int: 16    God:
Gold:   222        SH:  0    Dex: 12    Spells: 8/8 levels left

rFire   . . .      SeeInvis .     - Unarmed
rCold   . . .      Faith    .   (no shield)
rNeg    . . .      Spirit   .   (helmet restricted)
rPois   .          Reflect  .   (no amulet)
rElec   .          Harm     .   (no ring)
rCorr   .          Rampage  .   (no ring)
Will    .....                   (no ring)
Stlth   +++.......              (no ring)
HPRegen 0.11/turn               (no ring)
MPRegen 0.11/turn               (no ring)
                                (no ring)
                                (no ring)

@: no status effects
A: almost no armour, amphibious, 8 rings, camouflage 1, gelatinous body 1,
(nimble swimmer 1), tentacles
a: no special abilities


You were on level 4 of the Dungeon.
You visited 1 branch of the dungeon, and saw 4 of its levels.

You collected 222 gold pieces.

Inventory:

Jewellery
 s - a ring of resist corrosion
Wands
 b - a wand of flame (8) (quivered)
 c - a wand of charming (13)
 d - a wand of iceblast (5)
Scrolls
 a - a scroll of butterflies {unknown}
 e - a scroll of acquirement {unknown}
 g - 2 scrolls of identify {unknown}
 h - a scroll of blinking {unknown}
 j - a scroll of vulnerability {unknown}
 k - a scroll of silence {unknown}
 l - 3 scrolls of enchant armour {unknown}
 q - a scroll of torment {unknown}
 t - a scroll of teleportation {unknown}
Potions
 f - 2 potions of curing
 i - 2 potions of degeneration {unknown}
 m - a potion of mutation {unknown}
 n - a potion of invisibility {unknown}
 o - a potion of cancellation {unknown}
 p - 2 potions of brilliance {unknown}
 r - a potion of might {unknown}


   Skills:
 * Level 2.5 Fighting
 - Level 2.3 Dodging
 - Level 1.3 Stealth
 + Level 2.6 Unarmed Combat
 * Level 2.0 Spellcasting
 - Level 3.2 Evocations


You had 8 spell levels left.
You didn't know any spells.
Your spell library contained the following spells:

 Spells                   Type           Power      Damage    Failure   Level
 Ensorcelled Hibernation  Hex/Ice        2%         N/A       30%         2
 Spider Form              Tmut/Pois      1%         N/A       52%         3
 Anguish                  Hex/Necr       0%         N/A       90%         4


Dungeon Overview and Level Annotations

Branches:
Dungeon (4/15)
 Temple: D:4-7

Altars:
Wu Jian

Annotations:
D:3 2 transporters, MinkTDR's ghost, amateur DEHu


Innate Abilities, Weirdness & Mutations

You cannot wear most types of armour.
You are amphibious.
You can wear up to eight rings at the same time.
Your skin changes colour to match your surroundings (Stealth+).
Your rubbery body absorbs attacks. (AC +1, EV +1)
((You are camouflaged when in or above water. (Stealth+)))
You have tentacles for arms and can constrict up to eight enemies at once.


Message History

You barely miss the adder. Your grab misses the adder.
The adder closely misses you.
You barely miss the adder. Your grab misses the adder.
The adder closely misses you.
You tentacle-slap the adder. You grab the adder.
The adder is heavily wounded.
You constrict the adder. The adder misses you. The adder completely misses you.
You completely miss the adder. Your squeeze misses the adder.
The adder is heavily wounded.
You constrict the adder. The adder bites you.
You barely miss the adder.
The adder is severely wounded.
You constrict the adder. The adder barely misses you.
An adder is nearby!
An adder is nearby!
An adder is nearby!
You tentacle-slap the adder.
You kill the adder!
You have reached level 5!
You feel clever.
You now have 222 gold pieces (gained 13).
Found a stone staircase leading down.
p - 2 fizzy emerald potions (gained 1)
An ogre comes into view. It is wielding a +0 giant spiked club.
The ogre shouts!
The puff of flame hits the ogre.
The ogre is lightly wounded.
The puff of flame hits the ogre.
The ogre is moderately wounded.
The puff of flame hits the ogre!
The ogre is severely wounded.
The puff of flame hits the ogre!
The ogre is almost dead.
The puff of flame hits the ogre.
The ogre is almost dead.
You barely miss the ogre. Your squeeze misses the ogre.
The ogre is almost dead.
The ogre hits you with a +0 giant spiked club!!!
Ouch! That really hurt!
You die...

#.... #### .... .. .....
##..## .... ...
#..###....# ### #....
#.###.##.....###.# .....
#.>....#..#...#..#
....$.##........##..#...
#..$.#.......#..#....#.
###...........#..#......
.......@........##...†##
......O.........#.....#.
................##......
..................#.....
###..........#.......#..
#.....#.##.##<......#..
..##..#####..........#..
.. #.. #...........#.#
.... ...##........##.#


You could see an ogre.

Vanquished Creatures
  6 adders
  2 worms
  A dart slug (D:2)
  5 endoplasms
  6 giant cockroaches
  2 goblins
  7 hobgoblins
  4 jackals (D:2)
  3 kobolds
  3 quokkas (D:1)
  3 ball pythons
  4 bats
  3 frilled lizards
  2 rats (D:1)
51 creatures vanquished.

Vanquished Creatures (collateral kills)
  A frilled lizard (D:1)
  A rat (D:2)
2 creatures vanquished.

Grand Total: 53 creatures vanquished

Notes
Turn   | Place    | Note
-------+----------+-------------------------------------------
     0 | D:1      | H0rd4k the Octopode Artificer began the quest for the Orb.
     0 | D:1      | Reached XP level 1. HP: 13/13 MP: 1/1
   185 | D:1      | Reached skill level 1 in Spellcasting
   185 | D:1      | Reached XP level 2. HP: 10/18 MP: 3/3
  1143 | D:1      | Found a faded altar of an unknown god.
  1321 | D:2      | Reached XP level 3. HP: 21/24 MP: 5/5
  1911 | D:2      | Reached skill level 1 in Unarmed Combat
  3009 | D:2      | Reached XP level 4. HP: 29/29 MP: 6/6
  3086 | D:3      | Found a transporter.
  3089 | D:3      | Noticed MinkTDR's ghost (amateur DEHu)
  3105 | D:3      | Found a transporter.
  3674 | D:3      | Found an ornate altar of the Wu Jian Council.
  4452 | D:4      | Reached XP level 5. HP: 30/35 MP: 8/8
  4535 | D:4      | Noticed an ogre
  4541 | D:4      | Slain by an ogre

Illustrated notes

Levels and vault maps discovered:
D:1:      tarquinn_simple_flora_water_f, layout_loops_cross,
          ebering_ecumenical_altar_webs
D:2:      layout_rooms
D:3:      layout_loops_corners, pdpol_wu_jian_five_deadly_venoms,
          gammafunk_ghost_stat_death
D:4:      layout_cave_pools, hangedman_abyss_or_decor_stabs

Skill      XL: |  1  2  3  4 |
---------------+-------------+-----
Spellcasting   | 1 2 |  2.0
Unarmed Combat | 1 2 |  2.6
Fighting       | 2 |  2.5
Dodging        | |  2.3
Stealth        | |  1.3
Evocations     | |  3.2

Action                   |  1- 3 |  4- 6 || total
-------------------------+-------+-------++-------
Melee: Unarmed           |   124 |    51 ||   175
       Tentacles         |    21 |     8 ||    29
       Constrict         |    27 |    10 ||    37
       Punch             |     1 |     2 ||     3
Evoke: Wand              |     4 |     5 ||     9
  Use: Potion            |     1 |       ||     1
 Stab: Sleeping          |     8 |     6 ||    14
Armor: Skin              |    13 |     3 ||    16
Dodge: Dodged            |    80 |    28 ||   108
